AoeStats
← Leyeb

Arena

510277351Analyzed
1v1 RM · 1d ago on Sep 30, 2026· 43m 7s· 2 players
Game mode
Random Map
Map size
Tiny (2 player)
Population
200
Speed
Normal
Resources
Standard
Victory
Conquest
Starting age
Dark Age
Ending age
Imperial Age
RankedLock teamsTeams togetherTeam positionsShared explorationLock speedFull tech treeHidden civsTurbo modeCheats
Victory
Defeat
🇪🇸 Japanese · Spain
1310
+15
🇨🇳 Teutons · China
1284
-15
Leyeb
9:26 Feudal Age
11:06 Double-Bit Axe
14:13 Castle Age
12:00 Horse Collar
15:32 Bow Saw
19:01 Wheelbarrow
22:17 Gold Mining
23:06 Hand Cart
23:24 Loom
23:24 Town Watch
24:01 Stone Mining
26:52 Imperial Age
25:57 Stone Shaft Mining
25:54 Forging
25:44 Scale Mail Armor
29:37 Chemistry
30:13 Squires
38:38 Conscription
Escumish
8:34 Loom
12:02 Feudal Age
14:21 Wheelbarrow
13:33 Double-Bit Axe
13:30 Horse Collar
18:12 Castle Age
16:20 Gold Mining
19:12 Hand Cart
19:11 Bow Saw
19:20 Heavy Plow
19:11 Loom
20:00 Scale Mail Armor
21:31 Chain Mail Armor
22:13 Squires
26:00 Forging
27:16 Iron Casting
31:33 Town Watch
37:10 Imperial Age
35:37 Gold Shaft Mining
37:23 Capped Ram
37:38 Elite Samurai
39:12 Plate Mail Armor
43:11 Blast Furnace
Connection lost

Rejoining the realm…

Still unreachable

The connection could not be restored.

Session expired

The server has moved on; the page needs a fresh start.